3R
QUEBEC ROOKIES @ SHERIDAN DEER
07/03/2034
 
TOP OF THE 1ST
Quebec Rookies batting - Pitching for Sheridan Deer : RHP Martin van der Veen
Pitching: RHP Martin van der Veen
Batting: RHB Alejandro Córdova 0-0: Ground out 5-3 (Groundball, 5L)
Batting: RHB Punisa Tukovic 0-0: Foul Ball, location: 2F
0-1: Swinging Strike
0-2: Ball
1-2: Fly out, F9 (Flyball, 89D)
Batting: LHB Keith Pick 0-0: Foul Ball, location: 2F
0-1: Ball
1-1: Ball
2-1: Ball
3-1: Base on Balls
Batting: RHB Christian Patriarche 0-0: Foul Ball, location: 2F
0-1: Ball
1-1: Swinging Strike
1-2: Foul Ball, location: 2F
1-2: Ball
2-2: Foul Ball, location: 2F
2-2: Foul Ball, location: 2F
2-2: Strikes out swinging
Top of the 1st over - 0 runs, 0 hits, 0 errors, 1 left on base; Quebec 0 - Sheridan 0
BOTTOM OF THE 1ST
Sheridan Deer batting - Pitching for Quebec Rookies : RHP Pancho Medellín
Pitching: RHP Pancho Medellín
Batting: LHB Tillmam Cru 0-0: SINGLE (Line Drive, 6M)
Batting: RHB Wilbur Thomas 0-0: Called Strike
0-1: Ball
1-1: Ball
Pickoff Throw to First - Error! E1
Tillmam Cru to second
2-1: Fly out, F7 (Flyball, 7S)
Batting: LHB Allen Wrench 0-0: Called Strike
0-1: Ground out 4-3 (Groundball, 4)
Tillmam Cru to third
Batting: RHB Stock Tonports 0-0: Ball
1-0: Called Strike
1-1: Foul Ball, location: 2F
1-2: Ball
2-2: Strikes out swinging passed ball, reaches first!
Tillmam Cru scores
Batting: RHB Corey Ollerton 0-0: Ball
1-0: Fly out, F9 (Flyball, 89D)
Bottom of the 1st over - 1 run, 1 hit, 1 error, 1 left on base; Quebec 0 - Sheridan 1
TOP OF THE 2ND
Quebec Rookies batting - Pitching for Sheridan Deer : RHP Martin van der Veen
Batting: SHB Marx Vink 0-0: Foul Ball, location: 2F
0-1: Foul Ball, location: 2F
0-2: Ball
1-2: Foul Ball, location: 2F
1-2: DOUBLE (Groundball, 5L)
Batting: RHB Jesús Gómez 0-0: SINGLE (Line Drive, 6)
Marx Vink to third
Batting: RHB António Sánchez 0-0: Ball
1-0: Ball
2-0: Ball
3-0: Called Strike
3-1: Base on Balls
Jesús Gómez to second
Batting: RHB Rien Provoost 0-0: Called Strike
0-1: Called Strike
0-2: Ball
1-2: Strikes out swinging
Batting: RHB Joe Morris 0-0: Swinging Strike
0-1: Called Strike
0-2: Foul Ball, location: 2F
0-2: Foul Ball, location: 2F
0-2: Strikes out swinging
Batting: RHB Alejandro Córdova 0-0: Called Strike
0-1: Ground out 6-3 (Groundball, 6D)
Top of the 2nd over - 0 runs, 2 hits, 0 errors, 3 left on base; Quebec 0 - Sheridan 1
BOTTOM OF THE 2ND
Sheridan Deer batting - Pitching for Quebec Rookies : RHP Pancho Medellín
Batting: RHB Roberto Guerrero 0-0: Ball
1-0: Ball
2-0: SINGLE (Groundball, 6MD)
Batting: RHB Tolenka Kafengauz 0-0: Called Strike
0-1: Ball
1-1: Foul Ball, location: 2F
1-2: Strikes out swinging
Batting: RHB Nick Harper 0-0: Foul Ball, location: 2F
0-1: Ball
1-1: Grounds into double play, 6-4-3 (Groundball, 6M)
Bottom of the 2nd over - 0 runs, 1 hit, 0 errors, 0 left on base; Quebec 0 - Sheridan 1
TOP OF THE 3RD
Quebec Rookies batting - Pitching for Sheridan Deer : RHP Martin van der Veen
Batting: RHB Punisa Tukovic 0-0: Swinging Strike
0-1: Ground out 6-3 (Groundball, 6)
Batting: LHB Keith Pick 0-0: Called Strike
0-1: Called Strike
0-2: Ball
1-2: Ball
2-2: Strikes out swinging
Batting: RHB Christian Patriarche 0-0: Foul Ball, location: 2F
0-1: Ground out 6-3 (Groundball, 6)
Top of the 3rd over - 0 runs, 0 hits, 0 errors, 0 left on base; Quebec 0 - Sheridan 1
BOTTOM OF THE 3RD
Sheridan Deer batting - Pitching for Quebec Rookies : RHP Pancho Medellín
Batting: RHB Kunimatsu Furukawa 0-0: Foul Ball, location: 2F
0-1: Fly out, F8 (Line Drive, 8RD)
Batting: LHB Tillmam Cru 0-0: Ball
1-0: Ball
2-0: Fly out, F7 (Flyball, 78M)
Batting: RHB Wilbur Thomas 0-0: Ball
1-0: SINGLE (Line Drive, 6D)
Batting: LHB Allen Wrench 0-0: Called Strike
0-1: Ball
1-1: Ground out 4-3 (Groundball, 4)
Bottom of the 3rd over - 0 runs, 1 hit, 0 errors, 1 left on base; Quebec 0 - Sheridan 1
TOP OF THE 4TH
Quebec Rookies batting - Pitching for Sheridan Deer : RHP Martin van der Veen
Batting: SHB Marx Vink 0-0: Ball
1-0: Called Strike
1-1: Foul Ball, location: 2F
1-2: Strikes out swinging
Batting: RHB Jesús Gómez 0-0: Ball
1-0: Swinging Strike
1-1: Called Strike
1-2: Ball
2-2: Foul Ball, location: 2F
2-2: Strikes out looking
Batting: RHB António Sánchez 0-0: Ball
1-0: Called Strike
1-1: Swinging Strike
1-2: Ball
2-2: Strikes out swinging
Top of the 4th over - 0 runs, 0 hits, 0 errors, 0 left on base; Quebec 0 - Sheridan 1
BOTTOM OF THE 4TH
Sheridan Deer batting - Pitching for Quebec Rookies : RHP Pancho Medellín
Batting: RHB Stock Tonports 0-0: Ball
1-0: Ball
2-0: Fly out, F6 (Popup, 6)
Batting: RHB Corey Ollerton 0-0: SINGLE (Flyball, 34D)
Batting: RHB Roberto Guerrero 0-0: SINGLE (Groundball, 56D)
Corey Ollerton to second
Batting: RHB Tolenka Kafengauz 0-0: Ball
1-0: Ball
2-0: Ball
3-0: Called Strike
3-1: Base on Balls
Corey Ollerton to third
Roberto Guerrero to second
Batting: RHB Nick Harper 0-0: Called Strike
0-1: Swinging Strike
0-2: Fly out, F4 (Line Drive, 4M)
Batting: RHB Kunimatsu Furukawa 0-0: Reached on error, E5 (Groundball, 56S)
Corey Ollerton scores
Roberto Guerrero scores
Tolenka Kafengauz to third
Batting: LHB Tillmam Cru 0-0: Ball
Wild Pitch!
Tolenka Kafengauz scores
Kunimatsu Furukawa to third
1-0: Ball
2-0: Ball
3-0: Base on Balls
Batting: RHB Wilbur Thomas 0-0: Ball
1-0: Called Strike
1-1: Foul Ball, location: 2F
1-2: Strikes out looking
Bottom of the 4th over - 3 runs, 2 hits, 1 error, 2 left on base; Quebec 0 - Sheridan 4
TOP OF THE 5TH
Quebec Rookies batting - Pitching for Sheridan Deer : RHP Martin van der Veen
Batting: RHB Rien Provoost 0-0: Ball
1-0: Called Strike
1-1: Called Strike
1-2: DOUBLE (Flyball, 78D)
Batting: RHB Joe Morris 0-0: Ball
1-0: Ground out U3 (Groundball, 3)
Rien Provoost to third
Batting: RHB Alejandro Córdova 0-0: Called Strike
0-1: Ball
1-1: Foul Ball, location: 2F
1-2: Ball
2-2: Ball
3-2: Reached on error, E4 (Groundball, 4)
Rien Provoost scores
Batting: RHB Punisa Tukovic 0-0: Called Strike
0-1: Ball
1-1: Foul Ball, location: 2F
1-2: Strikes out swinging
Pitching: RHP Ena Tuuta
Batting: LHB Keith Pick 0-0: Ball
1-0: Swinging Strike
1-1: Ball
2-1: SINGLE (Groundball, 4MD)
Alejandro Córdova to third
Runner from 3rd tries for Home, SAFE, no throw
Batting: RHB Christian Patriarche 0-0: Fly out, F8 (Flyball, 8RM)
Top of the 5th over - 2 runs, 2 hits, 1 error, 1 left on base; Quebec 2 - Sheridan 4
BOTTOM OF THE 5TH
Sheridan Deer batting - Pitching for Quebec Rookies : RHP Pancho Medellín
Batting: LHB Allen Wrench 0-0: Called Strike
0-1: Ball
1-1: Foul Ball, location: 2F
1-2: SINGLE (Groundball, 4MD)
Batting: RHB Stock Tonports 0-0: Foul Ball, location: 2F
0-1: SINGLE (Line Drive, 8LS)
Allen Wrench to second
Batting: RHB Corey Ollerton 0-0: Grounds into double play, 3-6-3 (Groundball, 34)
Allen Wrench to third
Batting: RHB Roberto Guerrero 0-0: Called Strike
0-1: Swinging Strike
0-2: Strikes out swinging
Bottom of the 5th over - 0 runs, 2 hits, 0 errors, 1 left on base; Quebec 2 - Sheridan 4
TOP OF THE 6TH
Quebec Rookies batting - Pitching for Sheridan Deer : RHP Ena Tuuta
Batting: SHB Marx Vink 0-0: Foul Ball, location: 2F
0-1: Foul Ball, location: 2F
0-2: Ball
1-2: Ball
2-2: Foul Ball, location: 2F
2-2: Ball
3-2: Base on Balls
Batting: RHB Jesús Gómez 0-0: Ball
Marx Vink is caught stealing 2nd base
1-0: Foul Ball, location: 2F
1-1: Foul Ball, location: 2F
1-2: Strikes out swinging
Batting: RHB António Sánchez 0-0: Called Strike
0-1: Foul Ball, location: 2F
0-2: Ball
1-2: SINGLE (Groundball, 6MD)
Batting: RHB Rien Provoost 0-0: Called Strike
0-1: Fly out, F6 (Popup, P)
Top of the 6th over - 0 runs, 1 hit, 0 errors, 1 left on base; Quebec 2 - Sheridan 4
BOTTOM OF THE 6TH
Sheridan Deer batting - Pitching for Quebec Rookies : RHP Pancho Medellín
Batting: RHB Tolenka Kafengauz 0-0: Called Strike
0-1: Ball
1-1: Called Strike
1-2: Foul Ball, location: 2F
1-2: Strikes out swinging
Batting: RHB Nick Harper 0-0: Ground out 4-3 (Groundball, 4M)
Batting: RHB Kunimatsu Furukawa 0-0: Fly out, F7 (Flyball, 78M)
Bottom of the 6th over - 0 runs, 0 hits, 0 errors, 0 left on base; Quebec 2 - Sheridan 4
TOP OF THE 7TH
Quebec Rookies batting - Pitching for Sheridan Deer : RHP Ena Tuuta
Now at SS: Manu Pakkarinen
Batting: RHB Joe Morris 0-0: Called Strike
0-1: Swinging Strike
0-2: Ball
1-2: Foul Ball, location: 2F
1-2: Foul Ball, location: 2F
1-2: SINGLE (Groundball, 56D)
Batting: RHB Alejandro Córdova 0-0: Sac Bunt - play at second, runner safe!
Batting: RHB Punisa Tukovic 0-0: Ball
1-0: Sac Bunt - play at first, batter OUT! 1-4
Joe Morris to third
Alejandro Córdova to second
Batting: LHB Keith Pick 0-0: Ball
1-0: Ball
2-0: Foul Ball, location: 2F
2-1: Swinging Strike
2-2: Ball
3-2: Fly out, F8 (Line Drive, 8RM)
Runner from 3rd tags up, SCORES, throw made
Batting: RHB Christian Patriarche 0-0: Called Strike
0-1: Fly out, F9 (Flyball, 9S)
Top of the 7th over - 1 run, 1 hit, 0 errors, 1 left on base; Quebec 3 - Sheridan 4
BOTTOM OF THE 7TH
Sheridan Deer batting - Pitching for Quebec Rookies : RHP Pancho Medellín
Batting: LHB Tillmam Cru 0-0: Foul Ball, location: 2F
0-1: Ball
1-1: Called Strike
1-2: Foul Ball, location: 2F
1-2: Foul Ball, location: 2F
1-2: Fly out, F7 (Flyball, 78S)
Batting: RHB Wilbur Thomas 0-0: Ground out 6-3 (Groundball, 6)
Batting: LHB Allen Wrench 0-0: Called Strike
0-1: Ball
1-1: Ball
2-1: Ball
3-1: Foul Ball, location: 2F
3-2: SINGLE (Groundball, 4MD)
Batting: RHB Stock Tonports 0-0: Called Strike
0-1: Ball
1-1: DOUBLE (Line Drive, 78D)
Allen Wrench to third
Runner from 3rd tries for Home, SAFE, no throw
Pitching: RHP Eisse Tak
Batting: RHB Corey Ollerton 0-0: Ball
1-0: Called Strike
1-1: Swinging Strike
1-2: Ground out 3-1 (Groundball, 34)
Bottom of the 7th over - 1 run, 2 hits, 0 errors, 1 left on base; Quebec 3 - Sheridan 5
TOP OF THE 8TH
Quebec Rookies batting - Pitching for Sheridan Deer : RHP Salvador Rangel
Pitching: RHP Salvador Rangel
Now at C: Shao Qigang
Now in LF: Michael Nelson
Batting: SHB Marx Vink 0-0: Called Strike
0-1: Foul Ball, location: 2F
0-2: Ground out 4-3 (Groundball, 4)
Batting: RHB Jesús Gómez 0-0: Ball
1-0: Foul Ball, location: 2F
1-1: Ball
2-1: Foul Ball, location: 2F
2-2: Foul Ball, location: 2F
2-2: Foul Ball, location: 2F
2-2: Strikes out swinging
Batting: RHB António Sánchez 0-0: Hit by Pitch
Batting: RHB Rien Provoost 0-0: Fly out, F5 (Line Drive, 56)
Top of the 8th over - 0 runs, 0 hits, 0 errors, 1 left on base; Quebec 3 - Sheridan 5
BOTTOM OF THE 8TH
Sheridan Deer batting - Pitching for Quebec Rookies : RHP Eisse Tak
Batting: RHB Roberto Guerrero 0-0: Ball
1-0: Swinging Strike
1-1: Ball
2-1: Ball
3-1: Ground out 1-3 (Groundball, 13)
Batting: RHB Tolenka Kafengauz 0-0: Ball
1-0: Ball
2-0: SINGLE (Groundball, 56D)
Batting: RHB Nick Harper 0-0: Called Strike
0-1: 2-RUN HOME RUN (Flyball, 9LD), Distance : 348 ft
Pitching: LHP Fernando Perocier
Batting: SHB Manu Pakkarinen 0-0: Called Strike
0-1: Foul Ball, location: 2F
0-2: Strikes out looking
Batting: LHB Michael Nelson 0-0: Called Strike
0-1: Fly out, F8 (Flyball, 89M)
Bottom of the 8th over - 2 runs, 2 hits, 0 errors, 0 left on base; Quebec 3 - Sheridan 7
TOP OF THE 9TH
Quebec Rookies batting - Pitching for Sheridan Deer : RHP Salvador Rangel
Pitching: RHP Phil Soto
Batting: RHB Joe Morris 0-0: Called Strike
0-1: Foul Ball, location: 2F
0-2: Ball
1-2: Strikes out looking
Batting: RHB Alejandro Córdova 0-0: Called Strike
0-1: Ball
1-1: Ball
2-1: Ground out 5-3 (Groundball, 56S)
Batting: RHB Punisa Tukovic 0-0: SINGLE (Line Drive, 4D)
Batting: LHB Keith Pick 0-0: Called Strike
0-1: Foul Ball, location: 2F
0-2: Ball
1-2: Strikes out swinging
Top of the 9th over - 0 runs, 1 hit, 0 errors, 1 left on base; Quebec 3 - Sheridan 7
Friday, March 29th, 2019 - OOTP Baseball 18.8 Build 76